 Dungeon Crawl Stone Soup version 0.19-a0-1870-gc32fe5a (webtiles) character file.

109 Flanowski the Bolt Thrower (level 4, 0/36 HPs)
             Began as a Centaur Hunter on Oct 13, 2016.
             Succumbed to an adder's poison
             ... on level 3 of the Dungeon.
             The game lasted 00:03:38 (2751 turns).

Flanowski the Bolt Thrower (Centaur Hunter)         Turns: 2751, Time: 00:03:39

Health: 0/36       AC:  4    Str: 14 (15) XL:     4   Next: 60%
Magic:  4/4        EV:  9    Int:  8 (10) God:
Gold:   160        SH:  0    Dex:  9 (10) Spells: 0 memorised, 3 levels left

rFire  . . .     SeeInvis .     b - +0 short sword
rCold  . . .     Gourm    .     c - +0 leather armour
rNeg   . . .     Faith    .     (no shield)
rPois  .         Spirit   .     (no helmet)
rElec  .         Dismiss  .     (no cloak)
rCorr  .         Reflect  .     (no gloves)
MR     .....     Harm     .     (no barding)
Stlth  +.........               (no amulet)
                                (no ring)
                                (no ring)

@: lethally poisoned (0 -> -12), very quick
A: hooves 3, deformed body, speed 2, tough skin 3
a: no special abilities


You were on level 3 of the Dungeon.
You were not hungry.

You visited 1 branch of the dungeon, and saw 3 of its levels.

You collected 160 gold pieces.

Inventory:

Hand Weapons
 a - a +1 hand crossbow
 b - a +0 short sword (weapon)
Missiles
 d - 19 bolts
Armour
 c - a +0 leather armour (worn)
Jewellery
 k - an uncursed ring of magical power {unknown}
Scrolls
 e - 3 scrolls of identify {unknown}
 h - 6 scrolls of remove curse {unknown}
 i - a scroll of immolation {unknown}
 l - a scroll of noise {unknown}
 m - 2 scrolls of random uselessness {unknown}
 n - a scroll of enchant armour {unknown}
 o - a scroll of blinking {unknown}
Potions
 g - a potion of degeneration
Comestibles
 f - 3 bread rations
 q - a beef jerky
 s - 2 fruits


   Skills:
 - Level 2.0 Fighting
 + Level 6.6 Crossbows
 - Level 1.3 Dodging
 - Level 0.4 Stealth


You had 3 spell levels left.
You didn't know any spells.

Dungeon Overview and Level Annotations

Branches:
Dungeon (3/15)

Altars:


Innate Abilities, Weirdness & Mutations

You have hooves in place of feet.
Armour fits poorly on your strangely shaped body.
You cover ground very quickly.
You have extremely tough skin. (AC +3)


Message History

You are lethally poisoned!
The adder poisons you!
You barely miss the adder.
The adder is severely wounded.
You feel sick. The adder bites you.
* * * LOW HITPOINT WARNING * * *
The kobold hits you.
* * * LOW HITPOINT WARNING * * *
You are too injured to fight recklessly!
You are too injured to fight recklessly!
You are too injured to fight recklessly!
You hit the adder but do no damage. Your kick misses the adder.
The adder is severely wounded.
* * * LOW HITPOINT WARNING * * *
You feel sick. The adder bites you.
* * * LOW HITPOINT WARNING * * *
The kobold closely misses you. The adder barely misses you.
You barely miss the adder.
The adder is severely wounded.
You die...

#........'.........'..
#........#.........###
#........#..[......#
#.(......#.........#
#........#.........#
#.......(#.........#
#........#############
#....S...##...# #...#
#....@...##...# #...#
#####K#####...####...#
#>....'...'..'...'
#.#####.K.####...# #.#
#...# ##### #.# #...#
#.# #...# #.# #...#
#.# #...#


You could see an adder and a kobold.

Vanquished Creatures
  3 gnolls (D:2)
  4 adders
  3 dart slugs
  2 leopard geckos
  An orc (D:3)
  4 bats
  A giant cockroach (D:3)
  2 goblins
  6 hobgoblins
  3 kobolds
  A quokka (D:2)
  5 frilled lizards
  6 rats
41 creatures vanquished.

Notes
Turn   | Place    | Note
-------+----------+-------------------------------------------
     0 | D:1      | Flanowski the Centaur Hunter began the quest for the Orb.
     0 | D:1      | Reached XP level 1. HP: 17/17 MP: 1/1
   189 | D:1      | Reached XP level 2. HP: 24/24 MP: 2/2
   236 | D:1      | Reached skill level 5 in Crossbows
  1046 | D:2      | Reached XP level 3. HP: 24/29 MP: 3/3
  1336 | D:2      | Reached skill level 6 in Crossbows
  1344 | D:2      | Reached XP level 4. HP: 14/36 MP: 4/4
  2750 | D:3      | HP: 1/36 [adder (5)]
  2751 | D:3      | Succumbed to an adder's poison

Vault maps used:
D:1:      dpeg_arrival_simpleton_c

Skill      XL: |  1  2  3 |
---------------+----------+-----
Crossbows      | 5 6 |  6.6
Fighting       | |  2.0
Dodging        | |  1.3
Stealth        | |  0.4

Action                   |  1- 3 |  4- 6 || total
-------------------------+-------+-------++-------
Melee: Short sword       |    67 |    63 ||   130
       Kick              |    14 |     6 ||    20
 Fire: Hand crossbow     |    16 |    17 ||    33
  Use: Potion            |       |     3 ||     3
  Eat: Chunk             |     1 |     3 ||     4
Armor: Leather armour    |    22 |    27 ||    49
       Skin              |       |     2 ||     2
Dodge: Dodged            |    33 |    42 ||    75
